 Dungeon Crawl Stone Soup version 0.29.1-1-gd02db6906a (webtiles) character file.

Game seed: 314284910938293555

15 Descartes the Magician (level 2, 12/12 HPs)
             Began as a Felid Wanderer on Sept 16, 2022.
             Was a Follower of Okawaru.
             Got out of the dungeon alive.
             The game lasted 00:02:40 (728 turns).

Descartes the Magician (Felid Wanderer)              Turns: 728, Time: 00:02:40

Health: 12/12      AC:  1    Str:  6    XL:     2   Next: 34%
Magic:  8/8        EV: 15    Int: 17    God:    Okawaru [*.....]
Gold:   44         SH:  0    Dex: 13    Spells: 7/9 levels left
                                        Lives:  0   Deaths: 0

rFire   . . .      SeeInvis +   (weapon unavailable)
rCold   . . .      Faith    .   (shield unavailable)
rNeg    . . .      Spirit   .   (body armour unavailable)
rPois   .          Reflect  .   (helmet unavailable)
rElec   .          Harm     .   (cloak unavailable)
rCorr   .          Rampage  .   (gloves unavailable)
Will    .....                   (boots unavailable)
Stlth   +.........              (no amulet)
HPRegen 0.04/turn               (no ring)
MPRegen 0.11/turn               (no ring)

@: quick
A: very small, claws 1, fangs 3, see invisible, speed 1, shaggy fur 1, stealthy
paws, no weapons or thrown items, no armour, multi-lived
a: Renounce Religion, Heroism


You escaped.
You worshipped Okawaru.
Okawaru was aware of your devotion.
You visited 1 branch of the dungeon, and saw 1 of its levels.

You collected 44 gold pieces.

Inventory:

Wands
 a - a wand of polymorph (6) (quivered)
Scrolls
 c - a scroll of identify {unknown}
 d - a scroll of noise {unknown}
Potions
 b - a potion of invisibility


   Skills:
 + Level 1.2 Fighting
 + Level 0.4 Dodging
 + Level 0.7 Stealth
 + Level 4.0 Spellcasting
 + Level 0.2 Conjurations
 + Level 0.7 Hexes
 + Level 0.5 Translocations
 + Level 1.8 Fire Magic
 + Level 0.3 Earth Magic
 + Level 3.4 Evocations


You had 7 spell levels left.
You knew the following spells:

 Your Spells              Type           Power      Damage    Failure   Level
a - Foxfire               Conj/Fire      28%        2x1d5     11%         1
b - Sandblast             Erth           8%         2d5       14%         1

Your spell library contained the following spells:

 Spells                   Type           Power      Damage    Failure   Level
 Inner Flame              Hex/Fire       7%         N/A       26%         3
 Stone Arrow              Conj/Erth      8%         3d7       38%         3
 Sticky Flame             Conj/Fire      7%         2d3       71%         4


Dungeon Overview and Level Annotations

Branches:
Dungeon (1/15)

Altars:
Okawaru


Innate Abilities, Weirdness & Mutations

You have sharp claws.
You have razor-sharp teeth.
You have supernaturally acute eyesight. (SInv)
You cover ground quickly. (Speed+)
You are covered in fur. (AC +1)
Your paws help you pounce on unaware monsters.
You are incapable of wielding weapons or throwing items.
You cannot wear armour.
You gain extra lives every three experience levels.


Message History

Unknown command.
Casting: Foxfire (safe; 11% risk of failure)
Confirm with . or Enter, or press ? or * to list all spells.
You conjure some foxfire!
The bat completely misses you.
Casting: Foxfire (safe; 11% risk of failure)
Confirm with . or Enter, or press ? or * to list all spells.
You miscast Foxfire.
You are very lightly contaminated with residual magic.
Nothing appears to happen.
The foxfire hits the bat.
You kill the bat!
Unknown command.
Unknown command.
Casting: Foxfire (safe; 11% risk of failure)
Confirm with . or Enter, or press ? or * to list all spells.
You conjure some foxfire!
Your foxfire dissipates!
You see here 8 stones.
Your magical contamination has completely faded away.
There is an open door here.
You see here a ball python corpse.
There is a faded altar of an unknown god here.
You cannot tell which god this altar belongs to.
Convert to them anyway?
Okawaru accepts your prayer! Okawaru welcomes you!
You can now gain great but temporary skills.
Unknown command.
Press < or > to pray at altars.
You offer a prayer to Okawaru.
There is an iron altar of Okawaru here.
There is an open door here.
You see here a ball python corpse.
Magic restored.
You see here a rat skeleton.
There is an open door here.
As you open the door, it creaks loudly!
You can't go up here!
There is an open door here.
There is a staircase leading out of the dungeon here.
Are you sure you want to leave the Dungeon?
This will make you lose the game!
You have escaped!

####### ####### #...... #.....#
#...... # #.#'#.# #...[.. #
#.#@#.# #...... # #.#'#.# #......
##############.....########......
.†...............................
###############################..
### #...........###### #..
..#####...........#....# #..
#.#...............#....# #..
#.#...............#....# ###


There were no monsters in sight!

Vanquished Creatures
  2 endoplasms (D:1)
  2 hobgoblins (D:1)
  A quokka (D:1)
  3 ball pythons (D:1)
  2 bats (D:1)
  A frilled lizard (D:1)
  A kobold (D:1)
  3 rats (D:1)
15 creatures vanquished.

Vanquished Creatures (others)
  44 foxfires (D:1)
44 creatures vanquished.

Grand Total: 59 creatures vanquished

Notes
Turn   | Place    | Note
-------+----------+-------------------------------------------
     0 | D:1      | Descartes the Felid Wanderer began the quest for the Orb.
     0 | D:1      | Descartes set off with the following items: a wand of
                  | polymorph (6), a potion of invisibility; and the following
                  | spells available to memorise: Foxfire, Sandblast, Inner
                  | Flame, Stone Arrow, Sticky Flame.
     0 | D:1      | Reached XP level 1. HP: 9/9 MP: 6/6
   124 | D:1      | Learned a level 1 spell: Foxfire
   126 | D:1      | Learned a level 1 spell: Sandblast
   365 | D:1      | Reached XP level 2. HP: 12/12 MP: 4/8
   636 | D:1      | Found a faded altar of an unknown god.
   663 | D:1      | Prayed at the altar of an unknown god.
   663 | D:1      | Became a worshipper of Warmaster Okawaru
   663 | D:1      | Reached * piety under Okawaru
   728 | D:$      | Got out of the dungeon alive.

Illustrated notes

Levels and vault maps discovered:
D:1:      dpeg_arrival_tiny_d, layout_basic,
          shapermc_ecumenical_altar_notcrosses

Action                   || total
-------------------------++-------
Melee: Unarmed           ||     5
 Cast: Foxfire           ||    27
       Sandblast         ||     2
Armor: Skin              ||     1
Dodge: Dodged            ||    10
